 Dungeon Crawl Stone Soup version 0.30-a0-390-g80c34de65d (webtiles) character file.

Game seed: 793319245068826893

160 ytrimaz the Shield-Bearer (level 5, 0/40 HPs)
             Began as a Djinni Fighter on Dec 4, 2022.
             Slain by a hound (2 damage)
             ... on level 3 of the Dungeon.
             The game lasted 00:04:36 (2679 turns).

ytrimaz the Shield-Bearer (Djinni Fighter)          Turns: 2679, Time: 00:04:37

Health: 0/40       AC:  9    Str: 15    XL:     5   Next: 69%
Gold:   119        EV:  8    Int: 11    God:
                   SH:  5    Dex: 13

rFire   + + .      SeeInvis .    a - +0 flail
rCold   x . .      Faith    .    c - +0 buckler
rNeg    . . .      Spirit   .    b - +0 scale mail
rPois   ∞          Reflect  .    g - +0 helmet
rElec   .          Harm     .    (no cloak)
rCorr   .          Rampage  .    f - +0 pair of gloves
Will    .....                    (boots unavailable)
Stlth   ..........               (no amulet)
HPRegen 0.26/turn                (no ring)
MPRegen 0.00/turn                (no ring)

@: flying
A: sickness immunity, fire resistance 2, cold vulnerability 1, float, innate
caster, HP casting, extra vitality 1
a: no special abilities


You were on level 3 of the Dungeon.
You visited 1 branch of the dungeon, and saw 4 of its levels.

You collected 119 gold pieces.


Innate Abilities, Weirdness & Mutations

You are immune to sickness and miasma.
You are immune to poison.
Your flesh is very heat resistant. (rF++)
You are vulnerable to cold. (rC-)
You float through the air rather than walking.
You learn spells naturally, not from books.
Your magical power is your life essence.
You have superior vitality. (+4 MHP)


   Skills:
 - Level 3.0 Fighting
 + Level 3.9 Maces & Flails
 - Level 3.0 Armour
 - Level 4.0 Shields


You had one spell level left.
You knew the following spells:

 Your Spells              Type           Power      Damage    Failure   Level
a - Freeze                Ice            0%         1d3       87%         1
b - Scorch                Fire           0%         2d5       95%         2
Your spell library was empty.

Inventory:

Hand Weapons
 a - a +0 flail (weapon)
Missiles
 j - a throwing net (quivered)
Armour
 b - a +0 scale mail (worn)
 c - a +0 buckler (worn)
 f - a +0 pair of gloves (worn)
   (You found it on level 2 of the Dungeon)
 g - a +0 helmet (worn)
   (You took it off Robin on level 2 of the Dungeon)
Scrolls
 d - a scroll of fear
 e - a scroll of vulnerability
 i - a scroll of acquirement
 l - a scroll of teleportation
Potions
 h - 2 potions of curing

Dungeon Overview and Level Annotations

Branches:
Dungeon (4/15) Zot: 21231
 Temple: D:4-7

Altars:

Annotations:
D:3 Sigmund

##..#.....#####.####..)###.#...#
##....##### #..# ##...##...###
#...### #####.###.......#.#
.†..# ####.............#.>.#
.##.# #....###.####....#.###
###.# #.#### #.####......#
#.#####.# #......##.###
##.......# ####h....##.#
#..#.########.h@J.##.##.##
##.#........##.######..#..####
...#...........# ##.......#
.###........#### ###.....# ##
#........# #.....# # #........#
#.....# # ########## #.....#
#...).# #.....#


You could see 2 hounds and an endoplasm.


Message History

You take 2 damage, and now have 31/40 hp.
The endoplasm attacks as you move away! You block the endoplasm's attack.
The hound bites you but does no damage.
There is a stone staircase leading up here.
You barely miss the hound. The hound bites you but does no damage.
The endoplasm hits you but does no damage.
You block the hound's attack. 😕 HP[+1]
You sock the hound! The endoplasm freezes you.
You are frozen.
The hound bites you but does no damage. The endoplasm freezes you.
You are frozen.
You feel a terrible chill! The hound closely misses you. 😮 HP[-4]
You take 4 damage, and now have 28/40 hp.
You are too injured to fight recklessly!
You miss the hound. The hound barely misses you. You block the hound's attack.
The endoplasm freezes you.
You are frozen. 😮 HP[-1]
You take 1 damage, and now have 27/40 hp.
The hound barely misses you. The hound bites you.
The hound bites you but does no damage. The hound completely misses you.
The endoplasm hits you.
You fly upwards.
Level annotation: Sigmund
There is a stone staircase leading down here. 😮 HP[-2]
You take 2 damage, and now have 25/40 hp.
Unknown command.
You are too injured to fight recklessly!
Unknown command.
You closely miss the hound. The hound bites you but does no damage.
The hound bites you. The endoplasm freezes you.
You are frozen.
The hound bites you but does no damage. The hound bites you.
* * * LOW HITPOINT WARNING * * *
😨 HP[-5]
You take 5 damage, and now have 20/40 hp.
You hit the hound but do no damage.
The hound bites you but does no damage. x2
The endoplasm hits you.
* * * LOW HITPOINT WARNING * * *
You block the hound's attack.
You hit the hound. The hound bites you but does no damage.
The endoplasm hits you but does no damage.
The hound completely misses you. You block the hound's attack.
The endoplasm freezes you.
You are frozen.
* * * LOW HITPOINT WARNING * * *
😨 HP[-1]
You take 1 damage, and now have 19/40 hp.
You barely miss the hound. The hound bites you but does no damage.
The hound barely misses you. The hound bites you but does no damage.
You block the hound's attack.
The endoplasm hits you but does no damage.
Unknown command.
You hit the hound. The hound bites you.
* * * LOW HITPOINT WARNING * * *
The hound barely misses you.
The hound bites you but does no damage. x2
The endoplasm completely misses you. 😨 HP[-4]
You take 4 damage, and now have 15/40 hp.
You hit the hound but do no damage. You block the hound's attack. x2
The endoplasm hits you.
* * * LOW HITPOINT WARNING * * *
You block the hound's attack. The hound barely misses you. 😨 HP[-1]
You take 1 damage, and now have 14/40 hp.
Unknown command.
You hit the hound.
The hound bites you but does no damage. x2
The endoplasm barely misses you. The hound barely misses you.
The hound bites you but does no damage. The endoplasm barely misses you.
You barely miss the hound. The hound closely misses you. The hound bites you.
* * * LOW HITPOINT WARNING * * *
The hound barely misses you. The hound bites you.
* * * LOW HITPOINT WARNING * * *
The endoplasm hits you but does no damage. 😱 HP[-4]
You take 4 damage, and now have 10/40 hp.
Unknown command.
You hit the hound but do no damage. The hound barely misses you.
The hound bites you.
* * * LOW HITPOINT WARNING * * *
The endoplasm hits you but does no damage.
The hound bites you.
* * * LOW HITPOINT WARNING * * *
The hound bites you but does no damage. 😱 HP[-4]
You take 4 damage, and now have 6/40 hp.
You hit the hound but do no damage. The hound bites you but does no damage.
The hound barely misses you. You block the endoplasm's attack.
The hound misses you. The hound bites you.
* * * LOW HITPOINT WARNING * * *
😱 HP[-5]
You take 5 damage, and now have 1/40 hp.
Unknown command.
You hit the hound. The hound bites you.
You die...

Skill      XL: |  1  2  3  4 |
---------------+-------------+-----
Maces & Flails | 2 3 |  3.9
Shields        | 4 |  4.0
Fighting       | |  3.0
Armour         | |  3.0

Action                   |  1- 3 |  4- 6 || total
-------------------------+-------+-------++-------
Melee: Flail             |    91 |   192 ||   283
  Use: Scroll            |     1 |    11 ||    12
       Potion            |     1 |       ||     1
Armor: Scale mail        |    64 |   131 ||   195
Dodge: Dodged            |    56 |   129 ||   185
Block: Buckler           |    28 |    57 ||    85

Levels and vault maps discovered:
D:1:      minmay_arrival_four_circles, layout_basic
D:2:      layout_rooms, grunt_ministairs_15, uniq_terence, uniq_robin
D:3:      layout_rooms, uniq_sigmund
D:4:      layout_cave_pools, hangedman_decor_lopped

Notes
Turn   | Place    | Note
-------+----------+-------------------------------------------
     0 | D:1      | ytrimaz the Djinni Fighter began the quest for the Orb.
     0 | D:1      | Reached XP level 1. HP: 20/20 MP: 0/0
     0 | D:1      | magus.rc [v1.9.6]
    58 | D:1      | Reached XP level 2. HP: 22/25 MP: 0/0
   128 | D:1      | Reached skill level 2 in Maces & Flails
   250 | D:1      | Reached XP level 3. HP: 30/30 MP: 0/0
   250 | D:1      | Learned a level 1 spell: Freeze
   796 | D:2      | Reached XP level 4. HP: 10/35 MP: 0/0
   898 | D:2      | Noticed Robin
   966 | D:1      | Reached skill level 4 in Shields
  1067 | D:1      | HP: 3/35 [goblin/+0 club[Robin] (6)]
  1072 | D:1      | HP: 2/35 [goblin/+0 club[Robin] (1)]
  1078 | D:1      | HP: 1/35 [goblin/+0 club[Robin] (3)]
  1320 | D:2      | Killed Robin
  1321 | D:2      | Reached skill level 3 in Maces & Flails
  1479 | D:2      | Noticed Terence
  1503 | D:2      | Killed Terence
  1504 | D:2      | Reached XP level 5. HP: 24/40 MP: 0/0
  1504 | D:2      | Learned a level 2 spell: Scorch
  1880 | D:2      | Identified a scroll of acquirement
  1962 | D:3      | Noticed Sigmund
  2248 | D:3      | HP: 10/40 [Sigmund/+0 scythe (9)]
  2676 | D:3      | HP: 10/40 [hound (4)]
  2678 | D:3      | HP: 1/40 [hound (5)]
  2679 | D:3      | Slain by a hound

Vanquished Creatures
  Terence (D:2)
  Robin (D:2)
  4 adders
  2 dart slugs
  An orc (D:2)
  4 ball pythons (D:1)
  5 endoplasms
  5 giant cockroaches
  5 hobgoblins
  2 jackals (D:1)
  A quokka (D:2)
  5 bats
  4 frilled lizards
  25 goblins
  3 kobolds
  6 rats
74 creatures vanquished.

Table legend:
 A = Non-vault XP
 B = Vault XP
 C = Vault XP percentage of total XP
 D = Non-vault monster count
 E = Vault monster count
 F = Vault count percentage of total count
                 A         B        C        D         E       F
            +---------+---------+-------+---------+---------+-------
      Total |     137 |      92 |  40.2 |      58 |      16 |  21.6
            +---------+---------+-------+---------+---------+-------
        D:1 |      71 |      21 |  22.8 |      34 |      11 |  24.4
        D:2 |      48 |      71 |  59.7 |      13 |       5 |  27.8
        D:3 |      18 |       0 |   0.0 |      11 |       0 |   0.0
            +---------+---------+-------+---------+---------+-------

Illustrated notes

Table legend:
 A = Kills in this place as a percentage of kills in entire the game.
 B = Kills by you in this place as a percentage of kills by you in the entire game.
 C = Kills by friends in this place as a percentage of kills by friends in the entire game.
 D = Other kills in this place as a percentage of other kills in the entire game.
 E = Experience gained in this place as a percentage of experience gained in the entire game.
 F = Experience gained in this place divided by the number of levels of this place that you have seen.
                   A       B       C       D       E      F
               +-------+-------+-------+-------+-------+----------------------
         Total | 100.0 | 100.0 |   N/A |   N/A | 100.0 |  57.2
       Dungeon | 100.0 | 100.0 |   N/A |   N/A | 100.0 |  57.2
               +-------+-------+-------+-------+-------+----------------------

Table legend: (Time is in decaauts)
 A = Elapsed time spent in this place.
 B = Non-inter-level travel time spent in this place.
 C = Inter-level travel time spent in this place.
 D = Time resting spent in this place.
 E = Time spent auto-exploring this place.
 F = Levels seen in this place.
 G = Mean time per level.
                   A        B        C        D        E       F      G
               +--------+--------+--------+--------+--------+-----+--------+
         Total |   2767 |   2675 |     92 |    447 |   1423 |   4 |  691.8 |
       Dungeon |   2767 |   2675 |     92 |    447 |   1423 |   4 |  691.8 |
               +--------+--------+--------+--------+--------+-----+--------+

Top non-repeatable levels by time:
     D:1: 1282 daAuts
     D:2: 796 daAuts
     D:3: 674 daAuts
     D:4: 15 daAuts
